 Dungeon Crawl Stone Soup version 0.21-a0-137-g951aa02 (webtiles) character file.

37 Gorglomux the Ruffian (level 3, -4/28 HPs)
             Began as a Hill Orc Transmuter on July 18, 2017.
             Slain by an orc
             ... wielding a +0 flail
              (7 damage)
             ... on level 3 of the Dungeon.
             The game lasted 00:02:30 (1411 turns).

Gorglomux the Ruffian (Hill Orc Transmuter)         Turns: 1411, Time: 00:02:31

Health: -4/28      AC:  3    Str: 13    XL:     3   Next: 41%
Magic:  4/5        EV: 12    Int: 13    God:
Gold:   123        SH:  0    Dex: 11    Spells: 4/5 levels left

rFire    . . .     SeeInvis .     - Unarmed
rCold    . . .     Gourm    .   (no shield)
rNeg     . . .     Faith    .   b - +0 robe
rPois    .         Spirit   .   (no helmet)
rElec    .         Reflect  .   B - +0 cloak
rCorr    .         Harm     .   (no gloves)
MR       .....                  (no boots)
Stlth    +.........             (no amulet)
HPRegen  0.09/turn              (no ring)
MPRegen  0.09/turn              (no ring)

@: appendage (expiring)
A: horns 2
a: End Transformation


You were on level 3 of the Dungeon.
You were hungry.
You had grown temporary horns.
You visited 1 branch of the dungeon, and saw 3 of its levels.

You collected 123 gold pieces.

Inventory:

Missiles
 a - 12 arrows
Armour
 b - a +0 robe (worn)
 B - a +0 cloak (worn)
Scrolls
 g - 4 scrolls of remove curse
 C - a scroll of identify {unknown}
 D - a scroll of teleportation {unknown}
Potions
 e - a potion of curing {unknown}
 h - 2 potions of haste {unknown}
 E - a potion of might {unknown}
Books
 c - a book of Changes

   Spells                             Type                      Level
   a - Beastly Appendage              Transmutation                1
   b - Sticks to Snakes               Transmutation                2
   c - Spider Form                    Transmutation/Poison         3
   d - Ice Form                       Ice/Transmutation            4
   e - Blade Hands                    Transmutation                5
Comestibles
 d - 2 bread rations
 z - a meat ration


   Skills:
 - Level 1.2 Fighting
 - Level 1.5 Dodging
 + Level 4.8 Unarmed Combat
 - Level 1.5 Spellcasting
 - Level 1.3 Transmutations


You had 4 spell levels left.
You knew the following spells:

 Your Spells              Type           Power        Failure   Level  Hunger
a - Beastly Appendage     Tmut           #.....       16%         1    ##.....


Dungeon Overview and Level Annotations

Branches:
Dungeon (3/15)

Altars:
Ashenzari
Dithmenos
Elyvilon
Fedhas
Xom
The Shining One


Innate Abilities, Weirdness & Mutations

You have a pair of horns on your head.


Message History

Your transformation is almost over!
The orc closely misses you!
You squash the orc like an ant!
The orc is heavily wounded!
The orc hits you with a dagger! * * * don't die
* * * You closely butts the orc!
The orc is heavily wounded!
The orc hits you with a dagger! * * * don't die
* * * You beat the orc into a bloody pulp!
The orc is severely wounded!
The orc hits you with a dagger! * * * don't die
* * * You beat the orc into a bloody pulp!
You annihilate the orc!!!
You beat the orc into a bloody pulp!
The orc is severely wounded!
The orc hits butt with a flail!!! rip

#######.#
#########.†..)..#
#.....@o..#######
###########


You could see an orc.

Vanquished Creatures
  2 leopard geckos
  2 orcs (D:3)
  A giant cockroach (D:2)
  5 goblins (D:1)
  4 hobgoblins
  A ball python (D:2)
  5 bats
  A frilled lizard (D:1)
  6 kobolds
  5 rats
32 creatures vanquished.

Notes
Turn   | Place    | Note
-------+----------+-------------------------------------------
     0 | D:1      | Gorglomux the Hill Orc Transmuter began the quest for the Orb.
     0 | D:1      | Reached XP level 1. HP: 16/16 MP: 3/3
   368 | D:1      | Reached XP level 2. HP: 22/23 MP: 4/4
   413 | D:1      | Reached skill level 4 in Unarmed Combat
   722 | D:1      | You fall through a shaft!
   768 | D:2      | Found a shattered altar of Ashenzari.
   813 | D:2      | Found a shadowy altar of Dithmenos.
   845 | D:2      | Found a faded altar of an unknown god.
   845 | D:2      | Found a blossoming altar of Fedhas.
   851 | D:2      | Found a white marble altar of Elyvilon.
   853 | D:2      | Found a shimmering altar of Xom.
   854 | D:2      | Found a glowing golden altar of the Shining One.
   908 | D:2      | Reached XP level 3. HP: 24/28 MP: 3/5
  1411 | D:3      | Slain by an orc

Vault maps used:
D:1:      mushboom_english_gardens, minmay_hedge_maze, st_stairs_12,
          corexii_item_surrounded_by_moat, minivault_19, minmay_tetromino_l2
D:2:      lemuel_crystal_altar, chequers_temple_overflow_minitemple,
          lemuel_statue_altar
D:3:      nicolae_qazlal_general_emergency, uniq_ijyb, uniq_crazy_yiuf_cottage

Skill      XL: |  1  2 |
---------------+-------+-----
Unarmed Combat | 4 |  4.8
Fighting       | |  1.2
Dodging        | |  1.5
Spellcasting   | |  1.5
Transmutations | |  1.3

Action                   || total
-------------------------++-------
Melee: Unarmed           ||   117
       Punch             ||     2
       Kick              ||     2
 Cast: Beastly Appendage ||     5
  Use: Scroll            ||     1
 Stab: Sleeping          ||     1
  Eat: Chunk             ||     1
Armor: Robe              ||    21
Dodge: Dodged            ||    68
